 Dungeon Crawl Stone Soup version 0.26.0-16-gc1dbca0489 (webtiles) character file.

Game seed: 8323289846969910326

17778 DerHolg the Archer (level 12, -3/99 HPs)
             Began as a Barachi Hunter on Jan 19, 2021.
             Was a High Priest of Okawaru.
             Killed from afar by a bog body (18 damage)
             ... with a bolt of cold
             ... on level 4 of the Lair of Beasts on Jan 20, 2021.
             The game lasted 01:32:47 (20707 turns).

DerHolg the Archer (Barachi Hunter)                Turns: 20707, Time: 01:32:47

Health: -3/99      AC: 23    Str: 15    XL:     12   Next: 51%
Magic:  0/16       EV: 15    Int: 13    God:    Okawaru [*****.]
Gold:   820        SH:  0    Dex: 15    Spells: 11/11 levels left

rFire    + . .     SeeInvis .   a - +3 shortbow (flame)
rCold    . . .     Faith    .   (shield currently unavailable)
rNeg     + . .     Spirit   +   q - +0 chain mail
rPois    .         Reflect  .   F - +0 helmet
rElec    .         Harm     .   g - +1 cloak
rCorr    .         Rampage  .   B - +0 pair of gloves
Will     .....                  t - +2 pair of boots
Stlth    ..........             r - amulet of guardian spirit
HPRegen  0.26/turn              j - ring of protection from fire
MPRegen  0.15/turn              I - ring of positive energy

@: heroism, can't hop, slowed, very slow
A: +LOS, swims, slowness 1, strong legs 1
a: Hop, Renounce Religion, Heroism, Finesse


You were on level 4 of the Lair of Beasts.
You worshipped Okawaru.
Okawaru was extremely pleased with you.
You visited 3 branches of the dungeon, and saw 16 of its levels.
You also visited: Ice Cave.

You collected 882 gold pieces.
You spent 62 gold pieces at shops.

Inventory:

Hand Weapons
 a - a +3 shortbow of flaming (weapon)
 b - a +2 flail of draining
 m - a +1 vorpal shortbow
Missiles
 d - 197 arrows (quivered ammo)
Armour
 g - a +1 cloak (worn)
 q - a +0 chain mail (worn)
 t - a +2 pair of boots (worn)
 B - a +0 pair of gloves (worn)
 F - a +0 helmet (worn)
 G - a +2 leather armour of fire resistance
Jewellery
 j - a ring of protection from fire (left hand)
 l - an uncursed ring of ice
 r - an amulet of guardian spirit (around neck)
 I - a ring of positive energy (right hand)
Wands
 v - a wand of polymorph (6)
 A - a wand of enslavement (11)
Scrolls
 e - 12 scrolls of remove curse
 f - 3 scrolls of identify
 i - 4 scrolls of teleportation
 k - a scroll of magic mapping
 p - 3 scrolls of enchant weapon
 u - a scroll of blinking
 x - 2 scrolls of amnesia
 y - a scroll of enchant armour
 D - a scroll of brand weapon
Potions
 c - 3 potions of flight
 h - 2 potions of ambrosia
 n - 4 potions of curing
 o - 5 potions of brilliance
 s - a potion of cancellation
 w - a potion of resistance
 z - a potion of berserk rage
 C - a potion of might {unknown}
 E - a potion of haste


   Skills:
 + Level 10.9(15.9) Fighting
 + Level 11.6(16.6) Bows
 + Level 10.7(15.7) Armour
 + Level 10.1(15.1) Dodging
 - Level 0.8(5.8) Stealth
 + Level 6.3 Invocations


You had 11 spell levels left.
You didn't know any spells.
Your spell library contained the following spells:

 Spells                   Type           Power        Failure   Level
 Sandblast                Erth           0%           94%         1
 Passwall                 Tmut/Erth      0%           98%         2
 Confusing Touch          Hex            0%           100%        3
 Gell's Gravitas          Tloc           0%           100%        3
 Stone Arrow              Conj/Erth      0%           100%        3
 Petrify                  Tmut/Erth      0%           100%        4
 Lee's Rapid Deconstruct  Erth           0%           100%        5
 Metabolic Englaciation   Hex/Ice        0%           100%        5
 Yara's Violent Unravell  Hex/Tmut       0%           100%        5


Dungeon Overview and Level Annotations

Branches:
Dungeon (11/15)            Temple (1/1) D:5            Lair (4/6) D:10
    Orc (0/2) D:11          IceCv (visited)
  Swamp: Lair:2-4    Shoals: Lair:2-4     Snake: Lair:2-4    Spider: Lair:2-4

Altars:
Ashenzari
Cheibriados
Dithmenos
Elyvilon
Fedhas
Gozag
Hepliaklqana
Kikubaaqudgha
Makhleb
Nemelex Xobeh
Okawaru
Qazlal
Ru
Sif Muna
Trog
Uskayaw
Vehumet
Wu Jian
Xom
Yredelemnul
Zin
The Shining One
Lugonu

Shops:
D:4 *   D:5 *   D:8 [

Annotations:
D:2 1 runed translucent door, Crazy Yiuf
D:11 Erolcha
Lair:1 exclusion: downstairs
Lair:3 Gastronok


Innate Abilities, Weirdness & Mutations

You can be seen from farther away. (+LOS)
You can swim through water.
You cover ground slowly.
You can hop short distances.


Message History

Your +3 shortbow of flaming bursts into flame!
a - a +3 shortbow of flaming (weapon)
The bog body touches you. The bog body freezes you!
You are too injured to fight recklessly!
Fire: 198 arrows
Press: ? - help, Q - select action, (/) - cycle Shift-Dir - straight line, f/p - bog body
Aim: a bog body (heavily damaged)
You shoot an arrow.
The arrow hits the bog body but does no damage.
The bog body is heavily damaged.
The bog body touches you! The bog body freezes you!!
* * * LOW HITPOINT WARNING * * *
You feel better. The bog body misses you.
Hop to where?
Press: ? - help, Dir - move target, p - bog body Boing!
The bog body barely misses you.
You gain the combat prowess of a mighty hero.
The bog body casts a spell at you. The bolt of cold hits you!!
You die...

........ ####.......
...... ......P. ......
#....P### ......
#......P# ...... ######
##°.....## .....#
#.#..###..(.....#. .....#
#....#P.#n.(⌠⌠....
.....####.......@.♣..♣...
......##.....#....♣.(♣ ..
....<.#####.###..♣♣ .♣
......# ##..##P.♣ (
.....#####..####.♣ ≈♣
......P..........♣ ♣
.................♣
................♣♣
................♣


You could see a bog body.

Vanquished Creatures
  Fannar (Lair:3)
  A hydra (Lair:1)
  A catoblepas (Lair:1)
  A two-headed ogre (D:9)
  A death yak (Lair:2)
  An unseen horror (D:10)
  Joseph (D:8)
  6 cane toads
  A kobold demonologist (D:10)
  2 komodo dragons
  A troll (D:9)
  Prince Ribbit (D:7)
  7 blink frogs
  Sigmund (D:6)
  Eustachio (D:6)
  4 basilisks
  12 yaks
  A wyvern (D:10)
  A wraith (D:8)
  2 steam dragons
  Menkaure (D:7)
  8 water moccasins
  5 orc warriors
  3 ice beasts
  4 sky beasts
  3 black bears
  2 ogres
  A phantom (D:11)
  3 necrophages
  2 centaurs
  3 big kobolds
  7 bullfrogs
  A jelly (D:5)
  3 scorpions
  A troll zombie (D:8)
  7 killer bees
  11 wights
  5 electric eels (D:10)
  6 howler monkeys
  2 bullfrog zombies
  3 human zombies (D:8)
  A bullfrog skeleton (D:11)
  A centaur zombie (D:5)
  6 hounds
  8 orc priests
  8 orc wizards
  A centaur skeleton (D:9)
  Jessica (D:4)
  An iguana (D:10)
  2 worker ants
  A human skeleton (D:8)
  3 hound zombies
  A mummy (D:8)
  A worker ant zombie (D:11)
  Robin (D:2)
  4 gnolls (D:6)
  14 adders
  A shadow imp (D:4)
  2 white imps
  6 ufetubi
  An adder zombie (D:8)
  2 adder skeletons
  4 worms (D:2)
  A dart slug (D:2)
  9 leopard geckos
  25 orcs
  3 giant cockroaches
  16 goblins
  11 hobgoblins
  25 jackals
  3 quokkas
  2 bats (D:1)
  4 frilled lizards
  11 kobolds
  An orc skeleton (D:8)
  An orc zombie (D:8)
  A quokka skeleton (D:4)
  6 rats
317 creatures vanquished.

Vanquished Creatures (others)
  2 orcs
  13 fungi
  13 plants
28 creatures vanquished.

Grand Total: 345 creatures vanquished

Notes
Turn   | Place    | Note
-------+----------+-------------------------------------------
     0 | D:1      | DerHolg the Barachi Hunter began the quest for the Orb.
     0 | D:1      | Reached XP level 1. HP: 17/17 MP: 1/1
   425 | D:1      | Reached XP level 2. HP: 14/23 MP: 2/2
   751 | D:1      | Reached skill level 1 in Armour
   950 | D:1      | Reached XP level 3. HP: 28/28 MP: 3/3
  1609 | D:2      | Noticed Robin
  1620 | D:2      | Killed Robin
  1645 | D:2      | Reached XP level 4. HP: 35/35 MP: 4/4
  2055 | D:2      | Found a runed translucent door.
  2056 | D:2      | Noticed Crazy Yiuf
  2197 | D:2      | Found an ornate altar of the Wu Jian Council.
  2197 | D:2      | Found a sparkling altar of Nemelex Xobeh.
  2667 | D:3      | Reached XP level 5. HP: 41/41 MP: 5/5
  3224 | D:4      | Reached skill level 5 in Bows
  3386 | D:4      | Found Zihawen's General Store.
  3390 | D:4      | Bought 15 arrows for 30 gold pieces
  3390 | D:4      | Bought 16 arrows for 32 gold pieces
  3452 | D:4      | Reached XP level 6. HP: 44/48 MP: 6/6
  3534 | D:4      | Noticed Jessica
  3538 | D:4      | Killed Jessica
  3545 | D:4      | Found a shimmering blue altar of Sif Muna.
  3718 | D:4      | Found a white marble altar of Elyvilon.
  3924 | D:5      | Entered Level 5 of the Dungeon
  3924 | D:5      | Found a burning altar of Makhleb.
  3937 | D:5      | Reached skill level 6 in Bows
  3937 | D:5      | Reached XP level 7. HP: 47/55 MP: 7/7
  3978 | D:5      | Found a glowing golden altar of the Shining One.
  4419 | D:5      | Found an opulent altar of Gozag.
  4423 | D:5      | Found Gozag's Platinum Reserve.
  4634 | D:5      | Reached skill level 5 in Fighting
  4909 | D:5      | Found a staircase to the Ecumenical Temple.
  4919 | Temple   | Entered the Ecumenical Temple
  4943 | Temple   | Became a worshipper of Warmaster Okawaru
  5040 | D:5      | Reached XP level 8. HP: 39/62 MP: 6/8
  5506 | D:5      | Reached skill level 7 in Bows
  5738 | D:5      | Reached skill level 5 in Dodging
  5845 | D:6      | Noticed Eustachio
  5864 | D:6      | Reached skill level 5 in Armour
  5902 | D:6      | Killed Eustachio
  5953 | D:6      | Reached * piety under Okawaru
  6219 | D:6      | Reached skill level 8 in Bows
  6479 | D:6      | Reached XP level 9. HP: 47/71 MP: 6/9
  6649 | D:6      | Noticed Sigmund
  6654 | D:6      | Killed Sigmund
  7023 | D:6      | Found a blossoming altar of Fedhas.
  7023 | D:6      | Found a shimmering altar of Xom.
  7290 | D:7      | Noticed Prince Ribbit
  7301 | D:7      | Killed Prince Ribbit
  7301 | D:7      | Reached ** piety under Okawaru
  7654 | D:7      | Reached skill level 9 in Bows
  7747 | D:7      | Noticed Menkaure
  7754 | D:7      | Reached skill level 1 in Invocations
  7759 | D:7      | Killed Menkaure
  8084 | D:7      | Found a radiant altar of Vehumet.
  8494 | D:8      | Found Uloblyun's Armour Shoppe.
  8564 | D:8      | Noticed a boulder beetle
  8582 | D:8      | Reached XP level 10. HP: 79/79 MP: 11/11
  8586 | D:8      | Noticed Joseph
  8621 | D:8      | Killed Joseph
  8621 | D:8      | Reached *** piety under Okawaru
  9232 | D:8      | Found a basalt altar of Yredelemnul.
  9684 | D:8      | Found a shadowy altar of Dithmenos.
  9687 | D:8      | Found a hazy altar of Hepliaklqana.
  9690 | D:8      | Found a hide-covered altar of Uskayaw.
  9925 | D:9      | Reached skill level 10 in Bows
 10243 | D:9      | Noticed a two-headed ogre
 10421 | D:9      | Killed a two-headed ogre
 10421 | D:9      | Reached **** piety under Okawaru
 10724 | D:10     | Entered Level 10 of the Dungeon
 10783 | D:9      | Received a gift from Okawaru
 10959 | D:10     | Killed an unseen horror
 12288 | D:10     | Reached XP level 11. HP: 47/87 MP: 10/13
 14005 | D:10     | Found a staircase to the Lair.
 14314 | D:10     | Noticed a sun demon
 14320 | D:10     | Received a gift from Okawaru
 14877 | D:11     | Noticed Erolcha
 15093 | D:11     | Found a sacrificial altar of Ru.
 15533 | D:11     | Found a staircase to the Orcish Mines.
 15973 | Lair:1   | Entered Level 1 of the Lair of Beasts
 15990 | Lair:1   | Received a gift from Okawaru
 16345 | Lair:1   | Reached skill level 5 in Invocations
 16783 | Lair:1   | Reached skill level 11 in Bows
 17040 | Lair:1   | Noticed an eight-headed hydra
 17204 | Lair:1   | Reached skill level 10 in Fighting
 17390 | Lair:1   | Killed an eight-headed hydra
 17514 | Lair:2   | Noticed a catoblepas
 17605 | Lair:1   | Killed a catoblepas
 17605 | Lair:1   | Reached ***** piety under Okawaru
 17606 | Lair:1   | Reached skill level 10 in Armour
 17653 | Lair:2   | Reached XP level 12. HP: 94/97 MP: 16/16
 17677 | Lair:2   | Found a frozen archway.
 17689 | IceCv    | Entered an ice cave
 17834 | Lair:2   | Noticed a death yak
 17865 | Lair:2   | Killed a death yak
 17865 | Lair:2   | Received a gift from Okawaru
 18246 | Lair:2   | HP: 2/98 [yak (6)]
 19717 | Lair:3   | Noticed Fannar
 19750 | Lair:3   | Killed Fannar
 19751 | Lair:3   | Reached skill level 10 in Dodging
 20534 | Lair:3   | Received a gift from Okawaru
 20600 | Lair:3   | Noticed Gastronok
 20707 | Lair:4   | Killed from afar by a bog body

Illustrated notes

Levels and vault maps discovered:
D:1:      minmay_arrival_diagonal_passages, layout_rooms, minmay_small_reverse_x
D:2:      layout_basic, amethyst_overflow_temple_binary, uniq_robin,
          uniq_crazy_yiuf_cottage
D:3:      layout_basic
D:4:      layout_loops_ring, elyvilon_altar_4, tgw_sif, serial_shops,
          nicolae_shop_trees
D:5:      layout_basic, nicolae_gozag_zags_fifth_avenue, kennysheep_mini_moat,
          minmay_temple_entry_statues_pillars, bloody_makhleb
D:6:      layout_loops_cross, gammafunk_temple_overflow_elements, uniq_sigmund,
          uniq_eustachio
D:7:      layout_basic, fiery_altar_vehumet, uniq_menkaure, uniq_prince_ribbit1
D:8:      layout_cave_pools, lemuel_mausoleum_altar_yredelemnul,
          grunt_temple_overflow_diamond, serial_shops, shop,
          minmay_misc_feat_more_columns, minmay_sticks_and_stones
D:9:      layout_roguey
D:10:     layout_basic, erik_lair_dragon
D:11:     layout_loops_ring, orc_0_dummy, nicolae_ru_sacrificial_ziggurat,
          uniq_erolcha
Temple:   corrupted_temple
Lair:1:   layout_chaotic_city
Lair:2:   layout_chaotic_city, portal_ice_cave_entry_pillars_2, st_stairs_6,
          columned_hall_lemuel, chequers_serial_rivers_room_a,
          grunt_megastairs_1
Lair:3:   layout_cave_pods, chequers_serial_rivers_large_b,
          serial_bayou_shore_b, serial_bayou_shore_b, uniq_gastronok,
          uniq_fannar
Lair:4:   kb_forest_paths, layout_regular_city,
          nicolae_swamp_entry_splash_gauntlet, spider_nest_entry_rubble,
          eino_house_with_fridge

Skill      XL: |  1  2  3  4  5  6  7  8  9 10 11 12 |
---------------+-------------------------------------+-----
Armour         | 1 2 3 4 5 7 8 10 | 10.7
Fighting       | 3 4 5 6 7 8 10 | 10.9
Dodging        | 3 4 5 6 8 9 10 | 10.1
Bows           | 5 6 8 9 10 11 | 11.6
Invocations    | 1 3 5 6 |  6.3
Stealth        | |  0.8

Action                   |  1- 3 |  4- 6 |  7- 9 | 10-12 || total
-------------------------+-------+-------+-------+-------++-------
Melee: Short sword       |   155 |    62 |       |       ||   217
       Flail             |       |    56 |   300 |   798 ||  1154
       Punch             |       |       |       |     5 ||     5
 Fire: Shortbow          |     7 |    46 |   133 |   322 ||   508
Invok: Heroism           |       |       |       |     6 ||     6
 Abil: Hop               |       |       |     1 |     9 ||    10
  Use: Scroll            |       |     3 |     9 |    26 ||    38
       Potion            |       |       |       |     6 ||     6
 Stab: Distracted        |       |       |       |     1 ||     1
Armor: Ring mail         |    38 |     8 |       |       ||    46
       Leather armour    |     1 |       |       |       ||     1
       Chain mail        |       |    48 |   270 |   677 ||   995
Dodge: Dodged            |    77 |    60 |   210 |   615 ||   962
